 Dungeon Crawl Stone Soup version 0.21.1-1-g345015f (webtiles) character file.

818 teukkam the Ruffian (level 7, 0/74 HPs)
             Began as a Troll Monk on Feb 23, 2018.
             Slain by an orc warrior
             ... wielding a +2 battleaxe of holy wrath
              (18 damage)
             ... on level 8 of the Dungeon.
             The game lasted 00:10:27 (1636 turns).

teukkam the Ruffian (Troll Monk)                    Turns: 1636, Time: 00:10:28

Health: 0/74       AC:  6    Str: 20 (22) XL:     7   Next: 62%
Magic:  6/6        EV: 10    Int:  5 (6)  God:
Gold:   176        SH:  0    Dex: 10 (12) Spells: 6/6 levels left

rFire    . . .     SeeInvis .     - Unarmed
rCold    . . .     Gourm    +   (no shield)
rNeg     . . .     Faith    .   a - +1 robe
rPois    .         Spirit   .   (helmet restricted)
rElec    .         Reflect  .   (no cloak)
rCorr    .         Harm     .   (gloves unavailable)
MR       .....                  (boots unavailable)
Stlth    +.........             (no amulet)
HPRegen  0.62/turn              (no ring)
MPRegen  0.10/turn              (no ring)

@: no status effects
A: large, unfitting armour, claws 3, fast metabolism 3, gourmand, regeneration
1, shaggy fur 1, tough skin 2
a: no special abilities


You were on level 8 of the Dungeon.
You were hungry.

You visited 1 branch of the dungeon, and saw 9 of its levels.
You also visited: Sewer.

You collected 176 gold pieces.

Inventory:

Hand Weapons
 c - a cursed -1 dagger
Missiles
 i - 8 tomahawks (quivered)
Armour
 a - a +1 robe (worn)
Jewellery
 e - an uncursed ring of see invisible {unknown}
Wands
 d - a wand of polymorph (13)
 j - a wand of digging (15)
Scrolls
 h - 2 scrolls of remove curse
 m - a scroll of identify
Potions
 f - 2 potions of flight {unknown}
 g - 3 potions of curing
 l - a potion of brilliance {unknown}
Books
 k - a book of Cantrips

   Spells                             Type                      Level
   a - Confusing Touch                Hexes                        1
   b - Animate Skeleton               Necromancy                   1
   c - Summon Small Mammal            Summoning                    1
   d - Apportation                    Translocation                1
Comestibles
 b - 6 rations


   Skills:
 + Level 5.6 Fighting
 - Level 2.4 Dodging
 - Level 1.0 Stealth
 + Level 6.7 Unarmed Combat


You had 6 spell levels left.
You didn't know any spells.

Dungeon Overview and Level Annotations

Branches:
Dungeon (9/15)             Temple (0/1) D:6            Lair (0/6) D:8
    Orc: D:9-12

Altars:
Hepliaklqana
Sif Muna
Xom

Annotations:
D:6 exclusion: oklob sapling
D:7 Dowan, Duvessa


Innate Abilities, Weirdness & Mutations

You are too large for most types of armour.
You have claws for hands.
Your metabolism is lightning-fast.
You like to eat raw meat.
Your natural rate of healing is unusually fast.
You are covered in fur. (AC +1)
You have very tough skin. (AC +2)


Message History

You mangle the hippogriff!!
The hippogriff is heavily wounded.
The hippogriff bites you but does no damage.
The hippogriff completely misses you.
The hippogriff claws you but does no damage.
You feel sick.
You barely miss the hippogriff.
The hippogriff is heavily wounded.
You are feeling hungry.
You claw the hippogriff!
The hippogriff is severely wounded.
You feel sick.
You are no longer poisoned.
The hippogriff bites you.
* * * LOW HITPOINT WARNING * * *
The hippogriff pecks you but does no damage.
The hippogriff claws you.
* * * LOW HITPOINT WARNING * * *
The orc warrior hits you with a battleaxe of holy wrath!!
You die...

..P....................###...## .
...........#..................# .
......... #..................+
.####.....####..................#
................................#
.................................
............................#####
..)............o............+....
..)....##.....oH@...........#####
####...##.....###########...#
#...##.....# #...# ###
#.".##.....# #...# #..
#...######## ##'## #.# ##### #.#
#.. #.# ### #.# # #.######


You could see a hippogriff, an orc warrior and an orc.

Vanquished Creatures
  The ghost of batai666 the Digger, an amateur GrEE of Vehumet (D:4)
  A basilisk (D:8)
  2 ogres (D:4)
  A big kobold (Sewer)
  A crimson imp (D:5)
  A jelly (D:8)
  An orc priest (D:8)
  A hound (D:5)
  A bullfrog skeleton (D:5)
  An iguana (D:4)
  An orc wizard (D:5)
  A river rat (Sewer)
  2 adders
  An ooze (D:1)
  An adder skeleton (D:4)
  3 worms
  2 dart slugs (D:4)
  4 leopard geckos
  8 orcs
  3 giant cockroaches
  3 hobgoblins
  5 jackals
  6 kobolds
  2 quokkas
  2 frilled lizards (D:3)
  3 goblins
  6 rats
64 creatures vanquished.

Notes
Turn   | Place    | Note
-------+----------+-------------------------------------------
     0 | D:1      | teukkam the Troll Monk began the quest for the Orb.
     0 | D:1      | Reached XP level 1. HP: 22/22 MP: 0/0
    99 | D:1      | Reached XP level 2. HP: 29/29 MP: 1/1
   307 | D:3      | Reached XP level 3. HP: 18/37 MP: 2/2
   360 | D:3      | Found a shimmering altar of Xom.
   361 | D:3      | Found a hazy altar of Hepliaklqana.
   361 | D:3      | Noticed a hungry ghost
   362 | D:3      | Noticed a spectral ugly thing
   362 | D:3      | Noticed a hungry ghost
   488 | D:4      | Noticed batai666's ghost (amateur GrEE)
   505 | D:4      | Killed batai666's ghost
   505 | D:4      | Reached skill level 4 in Unarmed Combat
   505 | D:4      | Reached XP level 4. HP: 17/48 MP: 3/3
   505 | D:4      | Reached XP level 5. HP: 19/54 MP: 4/4
   598 | D:4      | Noticed an ogre
   605 | D:4      | Killed an ogre
   605 | D:4      | Reached skill level 5 in Unarmed Combat
   605 | D:4      | Reached XP level 6. HP: 63/63 MP: 5/5
   831 | D:4      | Found a deep blue altar of Sif Muna.
   967 | D:5      | Entered Level 5 of the Dungeon
  1034 | D:5      | Reached skill level 5 in Fighting
  1048 | D:5      | Reached XP level 7. HP: 69/72 MP: 6/6
  1082 | D:5      | Found a glowing drain.
  1087 | D:5      | Reached skill level 6 in Unarmed Combat
  1108 | Sewer    | Entered a sewer
  1220 | Sewer    | Found a glowing silver altar of Zin.
  1313 | D:6      | Found a staircase to the Ecumenical Temple.
  1422 | D:9      | Noticed a hippogriff
  1444 | D:8      | Noticed a two-headed ogre
  1478 | D:7      | Noticed Duvessa
  1480 | D:7      | Noticed Dowan
  1570 | D:8      | Noticed a basilisk
  1575 | D:8      | Killed a basilisk
  1606 | D:8      | Found a staircase to the Lair.
  1622 | D:8      | Noticed a hippogriff
  1636 | D:8      | Slain by an orc warrior

Skill      XL: |  1  2  3  4  5  6  7 |
---------------+----------------------+-----
Fighting       | 3 4 5 |  5.6
Unarmed Combat | 4 5 6 |  6.7
Dodging        | |  2.4
Stealth        | |  1.0

Action                   |  1- 3 |  4- 6 |  7- 9 || total
-------------------------+-------+-------+-------++-------
Melee: Unarmed           |    65 |    50 |    75 ||   190
       Punch             |     1 |     1 |     4 ||     6
Throw: Throwing net      |       |     2 |       ||     2
  Use: Scroll            |       |     5 |     3 ||     8
       Potion            |       |     3 |       ||     3
 Stab: Sleeping          |     2 |     1 |       ||     3
       Held in net/web   |       |     2 |       ||     2
  Eat: Chunk             |     4 |     3 |     5 ||    12
Armor: Robe              |    13 |     9 |    26 ||    48
Dodge: Dodged            |    23 |    17 |    46 ||    86
